 Dungeon Crawl Stone Soup version 0.20.1-1-g8b1a95d (webtiles) character file.

67 Goboxel the Slasher (level 4, 0/40 HPs)
             Began as a Draconian Monk on July 19, 2017.
             Killed from afar by Gravitas's ghost (8 damage)
             ... with a flame tongue
             ... on level 3 of the Dungeon.
             The game lasted 00:02:36 (1689 turns).

Goboxel the Slasher (Draconian Monk)                Turns: 1689, Time: 00:02:36

Health: 0/40       AC:  8    Str: 11 (14) XL:     4   Next: 0%
Magic:  4/4        EV: 11    Int:  8 (10) God:
Gold:   165        SH:  0    Dex: 11 (14) Spells: 3/3 levels left

rFire    . . .     SeeInvis +   a - +0 falchion
rCold    . . .     Gourm    .   (no shield)
rNeg     . . .     Faith    .   (armour unavailable)
rPois    .         Spirit   .   (helmet restricted)
rElec    .         Reflect  .   (no cloak)
rCorr    .         Harm     .   n - +0 pair of gloves
MR       .....                  m - +1 pair of boots
Stlth    +.........             (no amulet)
Regen    0.2/turn               d - ring of see invisible
MPRegen  0.1/turn               (no ring)

@: hasted, heavily drained, very quick
A: unfitting armour, cold-blooded, AC +5
a: no special abilities


You were on level 3 of the Dungeon.
You were not hungry.

You visited 1 branch of the dungeon, and saw 3 of its levels.

You collected 165 gold pieces.

Inventory:

Hand Weapons
 a - a +0 falchion (weapon)
Armour
 m - a +1 pair of boots (worn)
 n - a +0 pair of gloves (worn)
Jewellery
 d - a ring of see invisible (left hand)
Scrolls
 e - a scroll of fear {unknown}
 h - a scroll of remove curse {unknown}
 i - a scroll of noise {unknown}
 j - a scroll of magic mapping {unknown}
 l - 3 scrolls of teleportation {unknown}
Comestibles
 b - a bread ration
 f - a royal jelly
 k - a meat ration
 q - 3 chunks of flesh


   Skills:
 + Level 4.0(1.4) Fighting
 * Level 4.0(1.3) Long Blades
 + Level 3.1(0.5) Dodging
 - Level 1.7(0.0) Stealth


You had 3 spell levels left.
You didn't know any spells.

Dungeon Overview and Level Annotations

Branches:
Dungeon (3/15)

Altars:

Annotations:
D:3 Gravitas's ghost, amateur GrFE


Innate Abilities, Weirdness & Mutations

Your plain brown scales are hard. (AC +5)
You cannot fit into any form of body armour.
You are cold-blooded and may be slowed by cold attacks.


Message History

You barely miss Gravitas's ghost.
Gravitas's ghost is heavily damaged.
Gravitas's ghost closely misses you.
You closely miss Gravitas's ghost.
Gravitas's ghost is heavily damaged.
Gravitas's ghost hits you.
You feel drained.
You barely miss Gravitas's ghost.
Gravitas's ghost is heavily damaged.
Gravitas's ghost hits you!
* * * LOW HITPOINT WARNING * * *
You feel drained.
You hit Gravitas's ghost.
Gravitas's ghost is severely damaged.
Gravitas's ghost casts a spell at you. The flame tongue misses you.
You hit Gravitas's ghost.
Your tail-slap misses Gravitas's ghost.
Gravitas's ghost is almost destroyed.
Gravitas's ghost points at you and mumbles some strange words.
The flame tongue hits you!
You die...

#.#####.. #.......#
#.#.......#.#
#.#.........#
#.#......#..# #..###
######.#......#..# #.....
......?#......#..# #..###
.......#@.....+..# #..###
.......##W....#.## #.....
.......W'.....'..#.#..##.
.......##.....#..#.#..##.
....... #.....#..#.#...+.
>...... #.....##.#....##.
%...... ########..##...).
.....(. #..<#..###
....... #...#..#..


You could see Gravitas's ghost.

Vanquished Creatures
  A howler monkey skeleton (D:3)
  An adder (D:2)
  A worm (D:2)
  3 dart slugs
  A leopard gecko (D:1)
  A ball python (D:2)
  4 giant cockroaches
  4 goblins
  5 hobgoblins
  4 kobolds
  2 quokkas
  5 bats
  3 frilled lizards
  3 rats
38 creatures vanquished.

Notes
Turn   | Place    | Note
-------+----------+-------------------------------------------
     0 | D:1      | Goboxel the Draconian Monk began the quest for the Orb.
     0 | D:1      | Reached XP level 1. HP: 19/19 MP: 1/1
   231 | D:1      | Reached XP level 2. HP: 9/26 MP: 2/2
   619 | D:1      | You fall through a shaft!
   967 | D:2      | Reached XP level 3. HP: 12/33 MP: 3/3
  1649 | D:3      | Reached XP level 4. HP: 35/40 MP: 4/4
  1660 | D:3      | Noticed Gravitas's ghost (amateur GrFE)
  1680 | D:3      | HP: 1/40 [Gravitas's ghost/flame tongue (15)]
  1689 | D:3      | Killed from afar by Gravitas's ghost

Skill      XL: |  1  2  3 |
---------------+----------+-----
Dodging        | 3 |  3.1
Long Blades    | 4 |  4.0
Fighting       | 4 |  4.0
Stealth        | |  1.7

Action                   |  1- 3 |  4- 6 || total
-------------------------+-------+-------++-------
Melee: Falchion          |   105 |    17 ||   122
       Tailslap          |    22 |     3 ||    25
  Use: Potion            |       |     5 ||     5
 Stab: Sleeping          |     1 |       ||     1
  Eat: Chunk             |     2 |     1 ||     3
Armor: Skin              |    35 |     3 ||    38
Dodge: Dodged            |    93 |     5 ||    98
       Rpst.: Falchion   |    29 |     3 ||    32
